 Dungeon Crawl Stone Soup version 0.31-a0-632-g766dd24fdf (webtiles) character file.

Game seed: 6656132133343423009

29 thirtiethelement the Shooter (level 3, 0/27 HPs)
             Began as a Demonspawn Hunter on Aug 26, 2023.
             Slain by a kobold
             ... wielding a +0 club
              (3 damage)
             ... on level 2 of the Dungeon.
             The game lasted 00:02:22 (939 turns).

thirtiethelement the Shooter (Demonspawn Hunter)     Turns: 939, Time: 00:02:22

Health: 0/27       AC:  3    Str: 11    XL:     3   Next: 1%
Magic:  3/3        EV: 12    Int: 10    God:
Gold:   18         SH:  0    Dex: 18    Spells: 2/2 levels left

rFire   . . .        b - +0 dagger
rCold   . . .        (no shield)
rNeg    . . .        c - +0 leather armour
rPois   .            (no helmet)
rElec   .            (no cloak)
rCorr   .            (no gloves)
SInv    .            (no boots)
Will    .....        (no amulet)
Stlth   ++           (no ring)
HPRegen 0.24/turn    (no ring)
MPRegen 0.08/turn

%: no passive effects
@: no status effects
A: ignite blood 1, demonic touch 1
a: no special abilities


You were on level 2 of the Dungeon.
You visited 1 branch of the dungeon, and saw 2 of its levels.

You collected 42 gold pieces.
You spent 24 gold pieces at shops.

Inventory:

Hand Weapons
 a - a +0 shortbow
 b - a +0 dagger (weapon)
Armour
 c - a +0 leather armour (worn)
Scrolls
 d - a scroll of identify
 e - a scroll of poison
 f - a scroll of vulnerability
 h - 2 scrolls of butterflies
 i - a scroll of fear {unknown}
Potions
 g - 2 potions of brilliance {unknown}


   Skills:
 + Level 2.0 Fighting
 + Level 0.1 Short Blades
 + Level 4.4 Ranged Weapons
 + Level 0.1 Armour
 + Level 1.8 Dodging
 + Level 0.8 Stealth


You had 2 spell levels left.
You didn't know any spells.
Your spell library was empty.

Dungeon Overview and Level Annotations

Branches:
Dungeon (2/15)

Altars:

Shops:
D:1 ?


Innate Abilities, Weirdness & Mutations

Your demonic aura sometimes causes spilled blood to erupt in flames.
Your touch may inflict minor irresistible damage on your foes.


Message History

The stone hits the jackal but does no damage.
You closely miss the jackal. The jackal bites you.
The jackal closely misses you.
The jackal bites you but does no damage.
The frilled lizard closely misses you.
You hit the jackal but do no damage. The jackal barely misses you. x2
The kobold throws a stone.
The stone barely misses you.
The stone closely misses the jackal.
The frilled lizard bites you.
* * * LOW HITPOINT WARNING * * *
You hit the jackal.
The jackal is severely wounded.
The jackal completely misses you. The jackal closely misses you.
The jackal bites you.
* * * LOW HITPOINT WARNING * * *
The jackal barely misses you. The frilled lizard bites you.
* * * LOW HITPOINT WARNING * * *
You hit the kobold.
The kobold is moderately wounded.
The jackal bites you but does no damage.
The kobold hits you but does no damage.
You closely miss the kobold.
The kobold is moderately wounded.
The jackal bites you.
* * * LOW HITPOINT WARNING * * *
The kobold barely misses you.
You hit the kobold. Your touch misses the kobold.
The kobold is severely wounded.
The jackal closely misses you.
The jackal bites you but does no damage.
The kobold barely misses you.
You hit the kobold but do no damage. Your touch misses the kobold.
The kobold is severely wounded.
The jackal barely misses you. x2; The jackal bites you.
* * * LOW HITPOINT WARNING * * *
The jackal barely misses you. The kobold barely misses you.
You closely miss the kobold.
The kobold is severely wounded.
The jackal closely misses you. The jackal misses you.
The kobold hits you with a +0 club.
You die...

#.†.....# ..... .
#.......# .....# ...
#.......# .....#. ....
#.......##
............##.........
..........#............
...............B†......
..........###.†h#####
..............lh@...#
....# #...####.K#.#
....# #.......#...#
.########.......###...#
.#####................#
....##......#..........#
....##......#..........#
....##......#...........
....''......#..........


You could see 2 jackals, a giant cockroach, a kobold and a frilled lizard.

Vanquished Creatures
  An adder (D:2)
  An endoplasm (D:1)
  A giant cockroach (D:1)
  2 hobgoblins (D:1)
  2 jackals (D:2)
  A quokka (D:1)
  2 ball pythons
  3 bats
  2 frilled lizards (D:1)
  A goblin (D:1)
  3 kobolds
  2 rats (D:2)
21 creatures vanquished.

Notes
Turn   | Place    | Note
-------+----------+-------------------------------------------
     0 | D:1      | thirtiethelement the Demonspawn Hunter began the quest for
                  | the Orb.
     0 | D:1      | Reached XP level 1. HP: 16/16 MP: 1/1
    94 | D:1      | You fall into a shaft and drop 1 floor!
   126 | D:2      | Reached skill level 4 in Ranged Weapons
   126 | D:2      | Discovered your monstrous ancestry.
   126 | D:2      | Gained mutation: Your touch may inflict minor irresistible
                  | damage on your foes. [demonic ancestry]
   126 | D:2      | Reached XP level 2. HP: 20/22 MP: 2/2
   537 | D:1      | Found Zuolesch's Magic Scroll Boutique.
   542 | D:1      | Bought a scroll of identify for 24 gold pieces
   930 | D:2      | Gained mutation: Your demonic aura sometimes causes spilled
                  | blood to erupt in flames. [demonic ancestry]
   930 | D:2      | Reached XP level 3. HP: 10/27 MP: 3/3
   939 | D:2      | Slain by a kobold

Illustrated notes

Levels and vault maps discovered:
D:1:      scummos_arrival_simple_fountains, layout_basic, serial_shops, shop
D:2:      layout_basic, basic_altar, uniq_robin

Skill      XL: |  1 |
---------------+----+-----
Ranged Weapons | 4 |  4.4
Fighting       | |  2.0
Short Blades   | |  0.1
Armour         | |  0.1
Dodging        | |  1.8
Stealth        | |  0.8

Action                     || total
---------------------------++-------
  Melee: Dagger            ||    29
         Touch             ||     6
   Fire: Shortbow          ||    35
    Use: Scroll            ||     3
 Armour: Leather armour    ||    15
  Dodge: Dodged            ||    51

Table legend: (Time is in decaauts)
 A = Elapsed time spent in this place.
 B = Non-inter-level travel time spent in this place.
 C = Inter-level travel time spent in this place.
 D = Time resting spent in this place.
 E = Time spent auto-exploring this place.
 F = Levels seen in this place.
 G = Mean time per level.
                   A        B        C        D        E       F      G
               +--------+--------+--------+--------+--------+-----+--------+
         Total |    941 |    919 |     22 |      0 |    786 |   2 |  470.5 |
       Dungeon |    941 |    919 |     22 |      0 |    786 |   2 |  470.5 |
               +--------+--------+--------+--------+--------+-----+--------+

Top non-repeatable levels by time:
     D:1: 745 daAuts
     D:2: 195 daAuts
